 Dungeon Sprint DCSS version 0.29.1-15-g9cfb28693d (webtiles) character file.

Game seed: 8106194286338463363

59 Groucho the Trooper (level 4, -1/45 HPs)
             Began as a Naga Fighter on Mar 12, 2023.
             Slain by an iguana (3 damage)
             ... in the Dungeon (Sprint IX: "|||||||||||||||||||||||||||||").
             The game lasted 00:00:25 (308 turns).

Groucho the Trooper (Naga Fighter)                   Turns: 308, Time: 00:00:25

Health: -1/45      AC:  5    Str: 18    XL:     4   Next: 3%
Magic:  4/4        EV:  8    Int:  9    God:
Gold:   0          SH:  5    Dex: 12    Spells: 3/3 levels left

rFire   . . .      SeeInvis +   a - +0 war axe
rCold   . . .      Faith    .   c - +0 buckler
rNeg    . . .      Spirit   .   b - +0 scale mail
rPois   +          Reflect  .   (no helmet)
rElec   .          Harm     .   (no cloak)
rCorr   .          Rampage  .   (no gloves)
Will    .....      NoTele   +   (no barding)
Stlth   ..........              (no amulet)
HPRegen 0.15/turn               (no ring)
MPRegen 0.09/turn               (no ring)

@: very slow
A: AC +1, large, see invisible, deformed body, poison resistance, slowness 2,
spit poison 1, naga tail 1
a: Spit Poison


You were in the Dungeon.
You visited 1 branch

Inventory:

Hand Weapons
 a - a +0 war axe (weapon)
Armour
 b - a +0 scale mail (worn)
 c - a +0 buckler (worn)
Scrolls
 j - a scroll of blinking
Potions
 d - a potion of might
 e - a potion of curing
 f - a potion of heal wounds
 g - a potion of haste
 h - 2 potions of magic
 i - a potion of berserk rage


   Skills:
 + Level 4.4 Fighting
 + Level 3.8 Axes
 + Level 3.6 Armour
 + Level 2.4 Dodging
 + Level 4.0 Shields


You had 3 spell levels left.
You didn't know any spells.
Your spell library was empty.

Dungeon Overview and Level Annotations

Branches:
Dungeon (1/1)

Altars:


Innate Abilities, Weirdness & Mutations

Your serpentine skin is tough. (AC +1)
You have supernaturally acute eyesight. (SInv)
Armour fits poorly on your strangely shaped body.
Your system is resistant to poisons. (rPois)
You cover ground very slowly.
You can spit poison.
You have a snake-like lower body.


Message History

You are too injured to fight recklessly!
You are too injured to fight recklessly!
You slash the gnoll bouda!
The gnoll bouda is heavily wounded.
The gnoll bouda barely misses you.
You slash the gnoll bouda!
You kill the gnoll bouda!
The jackal closely misses you.
Your Fighting skill increases to level 4!
Your Axes skill increases to level 3!
Your Armour skill increases to level 3!
Your Dodging skill gained 2 levels and is now at level 2!
You have reached level 2!
You have reached level 3!
Your experience leads to an increase in your attributes!
Increase (S)trength, (I)ntelligence, or (D)exterity?
You feel agile. x2; Your skin feels tougher.
You slash the jackal!
You kill the jackal!
You block the iguana's attack.
Unknown command.
Unknown command.
You slash the iguana!
The iguana is almost dead.
The iguana bites you.
Unknown command.
You hit the iguana.
The iguana is almost dead.
You block the iguana's attack. The iguana bites you.
You hit the iguana.
You kill the iguana!
Your Shields skill increases to level 4!
You have reached level 4!
You feel clever.
Unknown command.
You closely miss the iguana. The iguana bites you!
* * * LOW HITPOINT WARNING * * *
You barely miss the iguana. The iguana bites you!
* * * LOW HITPOINT WARNING * * *
The iguana bites you.
You die...

▓+▓
▓.▓
▓.▓
▓.▓
▓.▓
▓h▓
▓l▓
▓@▓
▓.▓
▓.▓
▓.▓
▓.▓
▓÷▓
▓.▓
▓.▓
▓.▓


You could see an iguana and a hound.

Vanquished Creatures
  A gnoll bouda (D)
  An iguana (D)
  2 hobgoblins (D)
  A jackal (D)
  A ball python (D)
  2 rats (D)
8 creatures vanquished.

Notes
Turn   | Place    | Note
-------+----------+-------------------------------------------
     0 | D        | Groucho the Naga Fighter began the quest for the Orb.
     0 | D        | Reached XP level 1. HP: 21/21 MP: 1/1
   298 | D        | Noticed a hound
   298 | D        | Noticed an iguana
   298 | D        | Noticed an iguana
   298 | D        | Noticed a gnoll bouda
   302 | D        | Killed a gnoll bouda
   303 | D        | Reached XP level 2. HP: 15/30 MP: 2/2
   303 | D        | Reached XP level 3. HP: 18/36 MP: 3/3
   307 | D        | Reached XP level 4. HP: 16/45 MP: 4/4
   308 | D        | HP: 2/45 [iguana (7)]
   308 | D        | Slain by an iguana

Illustrated notes

Levels and vault maps discovered:
D:        linesprint [early_d, line_temple, items_1, d_10, items_2, lair_1,
          lair_end, items_3, orc_1, orc_end, items_4, d_15, swamp_1, shoals_1,
          snake_1, spider_1, d_20, vaults_1, items_5, swamp_end, shoals_end,
          snake_end, spider_end, vaults_end, d_27, items_6, zot_1, zot_end,
          crypt_end, forest_end, elf_end, slime_end, tomb_end, abyss_end,
          pan_hell_end]

Skill      XL: |  1  2  3 |
---------------+----------+-----
Shields        | 3 4 |  4.0
Fighting       | 4 |  4.4
Axes           | 3 |  3.8
Armour         | 3 |  3.6
Dodging        | 2 |  2.4

Action                   |  1- 3 |  4- 6 || total
-------------------------+-------+-------++-------
Melee: War axe           |    18 |     2 ||    20
Dodge: Dodged            |     8 |       ||     8
Block: Buckler           |     3 |       ||     3
